 Zot Defence DCSS version 0.15.2 (webtiles) character file.

23962 stupendous the Minotaur Blade (level 12, -2/96 HPs)
             Began as a Minotaur Fighter on Oct 16, 2017.
             Was a High Priest of Makhleb.
             Splashed by a jelly's acid (11 damage)
             ... in the Realm of Zot (Scenario I: Hall of Zot).
             The game lasted 00:30:41 (2959 turns).

stupendous the Minotaur Blade (Minotaur Fighter)    Turns: 2959, Time: 00:30:41

HP  -2/96        AC -7     Str 20      XL: 12   Next: 76%
MP   5/5         EV  7     Int  5      God: Makhleb [*****.]
Gold 0           SH 11     Dex 16      Spells:  0 memorised, 11 levels left

rFire  . . .     SeeInvis .     l - +3 scimitar
rCold  . . .     Clarity  .     b - +0 scale mail
rNeg   . . .     rCorr    .     c - +0 shield
rPois  .         rRot     .     (helmet restricted)
rElec  .         Spirit   .     (no cloak)
SustAb .         Warding  .     (no gloves)
rMut   .         Stasis   .     (no boots)
Gourm  .                        (no amulet)
MR     .....                    (no ring)
                                (no ring)

@: corroded equipment, not resistant to hostile enchantments, extremely
unstealthy
A: retaliatory headbutt, horns 2
a: Make oklob sapling, Make arrow trap, Make plant, Remove Curse, Make burning
bush, Make altar, Make grenades, Make oklob plant, Make net trap, Make ice
statue, Make spear trap, Make alarm trap, Make mushroom circle, Minor
Destruction, Lesser Servant of Makhleb, Major Destruction, Greater Servant of
Makhleb, Renounce Religion


You were in the Realm of Zot.
You worshipped Makhleb.
Makhleb was extremely pleased with you.
You were not hungry.

You visited 1 branch

Inventory:

Hand weapons
 a - a +0 long sword
 l - a +3 scimitar (weapon)
Armour
 b - a +0 scale mail (worn)
 c - a +0 shield (worn)
Comestibles
 f - a bread ration
Scrolls
 k - a scroll of blinking
Potions
 d - 3 potions of curing
 e - a potion of might
 h - a potion of haste
 i - 2 potions of magic
 j - a potion of berserk rage


   Skills:
 - Level 6.1 Fighting
 + Level 21.7 Long Blades
 - Level 6.0 Armour
 - Level 6.7 Shields


You had 11 spell levels left.
You didn't know any spells.

Dungeon Overview and Level Annotations

Branches:
    Zot (1/1)

Altars:
Makhleb


Innate Abilities, Weirdness & Mutations

You reflexively headbutt those who attack you in melee.
You have a pair of horns on your head.


Message History

* * * LOW HITPOINT WARNING * * *
You are splashed with acid!
The acid burns!
* * * LOW HITPOINT WARNING * * *
Your ice beast barely misses the jelly.
You block the jelly's attack.
Your ice beast hits the jelly.
Your ice beast freezes the jelly!
Your ice beast is burned by acid!
Drink which item? (? for menu, Esc to quit)
You feel much better. You block the jelly's attack.
The jelly jiggles.
The jelly closely misses you. You furiously retaliate!
You headbutt the jelly.
Your ice beast hits the jelly.
Your ice beast freezes the jelly.
Your ice beast is burned by acid!
The jelly hits you.
* * * LOW HITPOINT WARNING * * *
You are splashed with acid!
The acid burns!
* * * LOW HITPOINT WARNING * * *
The jelly hits you.
* * * LOW HITPOINT WARNING * * *
You are splashed with acid!
The acid burns!
You die...

▓▓▓▓▓▓▓▓ ▓▓▓▓▓▓▓▓ ....▓▓▓▓
▓▓▓▓.... .......▓▓▓ ▓▓▓.......
.........▓▓ ▓▓.........
..........▓ ▓▓▓▓▓▓▓▓▓ ▓..........
.........8▓▓▓PPPPPPP▓▓▓8.........
..........▓▓P......)P▓▓..........
..........▓)).YJ..%%))▓..........
..........(....J@))))))..........
.........)▓.(.YJJ..)))▓))........
.......§§.▓▓P......)P▓▓.)).......
.......§§§▓▓▓PPPPPPP▓▓▓8.........
.........8# ▓▓▓▓▓▓▓▓▓ #..........
.........## ##.........
.......### ###....... ....####
####.... ######### #########


You could see 4 jellies, 14 friendly oklob plants, 2 friendly ice beasts and 4
friendly oklob saplings.

Vanquished Creatures
  A hungry ghost (Zot)
  A redback (Zot)
  A hill giant zombie (Zot)
  A giant frog (Zot)
  A big kobold (Zot)
  5 jellies (Zot)
  A wight (Zot)
  An ogre zombie (Zot)
  2 adders (Zot)
  3 oozes (Zot)
  An orc (Zot)
  3 bats (Zot)
  A jackal (Zot)
  A ball python skeleton (Zot)
  A goblin (Zot)
  2 kobolds (Zot)
  A rat (Zot)
  A plant (Zot)
28 creatures vanquished.

Vanquished Creatures (collateral kills)
  A centaur warrior (Zot)
  7 slime creatures (Zot)
  A hill giant (Zot)
  A wolf spider zombie (Zot)
  An orc knight (Zot)
  A deep elf conjurer (Zot)
  4 wolf spiders (Zot)
  Maurice (Zot)
  A redback zombie (Zot)
  A tengu conjurer (Zot)
  2 trolls (Zot)
  Grinder (Zot)
  A two-headed ogre (Zot)
  A merfolk (Zot)
  A deep elf priest (Zot)
  A wind drake (Zot)
  3 ravens (Zot)
  A vampire (Zot)
  2 wraiths (Zot)
  2 hill giant zombies (Zot)
  A hog (shapeshifter) (Zot)
  8 wargs (Zot)
  3 deep elf magi (Zot)
  A mottled dragon (Zot)
  A hippogriff (Zot)
  5 deep elf fighters (Zot)
  7 yaks (Zot)
  Grum (Zot)
  A wyvern (Zot)
  3 vampire mosquitoes (Zot)
  5 hell hounds (Zot)
  2 necrophages (Zot)
  A soldier ant (Zot)
  15 wolves (Zot)
  3 sky beasts (Zot)
  5 ogres (Zot)
  Purgy (Zot)
  A yellow wasp (Zot)
  7 centaurs (Zot)
  4 black bears (Zot)
  3 boggarts (Zot)
  3 phantoms (Zot)
  3 orc warriors (Zot)
  4 big kobolds (Zot)
  3 giant frogs (Zot)
  7 killer bees (Zot)
  A cyclops skeleton (Zot)
  4 jellies (Zot)
  5 scorpions (Zot)
  A yak zombie (Zot)
  8 wights (Zot)
  7 hounds (Zot)
  4 orc priests (Zot)
  A soldier ant zombie (Zot)
  2 giant frog skeletons (Zot)
  2 giant frog zombies (Zot)
  A basilisk skeleton (Zot)
  10 worker ants (Zot)
  3 orc wizards (Zot)
  3 quasits (Zot)
  An iguana (Zot)
  A killer bee zombie (Zot)
  Ijyb (Zot)
  A brain worm zombie (Zot)
  9 adders (Zot)
  4 gnolls (Zot)
  A scorpion zombie (Zot)
  9 giant mites (Zot)
  2 shadow imps (Zot)
  An adder skeleton (Zot)
  An orc zombie (Zot)
  3 giant geckos (Zot)
  28 orcs (Zot)
  10 bats (Zot)
  A bat skeleton (Zot)
  3 giant cockroaches (Zot)
  14 goblins (Zot)
  19 hobgoblins (Zot)
  6 jackals (Zot)
  4 ball pythons (Zot)
  A giant gecko zombie (Zot)
  3 giant mite zombies (Zot)
  4 giant newts (Zot)
  A giant spore (Zot)
  A goblin skeleton (Zot)
  26 kobolds (Zot)
  9 rats (Zot)
  A plant (Zot)
349 creatures vanquished.

Vanquished Creatures (others)
  An ice statue (Zot)
  4 ice beasts (Zot)
  An oklob sapling (Zot)
  An orc wizard (Zot)
  A rat (Zot)
8 creatures vanquished.

Grand Total: 385 creatures vanquished

Notes
Turn   | Place    | Note
--------------------------------------------------------------
     0 | Zot      | stupendous, the Minotaur Fighter, began the quest for the Orb.
     0 | Zot      | Reached XP level 1. HP: 19/19 MP: 1/1
   218 | Zot      | Reached XP level 2. HP: 24/27 MP: 1/1
   222 | Zot      | Reached skill level 4 in Fighting
   235 | Zot      | Noticed Ghiunaule
   272 | Zot      | Killed Ghiunaule the hungry ghost
   272 | Zot      | Reached skill level 5 in Fighting
   272 | Zot      | Reached skill level 5 in Armour
   272 | Zot      | Reached skill level 5 in Shields
   272 | Zot      | Reached XP level 3. HP: 6/36 MP: 2/2
   272 | Zot      | Reached XP level 4. HP: 7/42 MP: 2/2
   272 | Zot      | Reached XP level 5. HP: 8/48 MP: 2/2
   272 | Zot      | Reached XP level 6. HP: 9/56 MP: 3/3
   277 | Zot      | Became a worshipper of Makhleb the Destroyer
   518 | Zot      | Reached skill level 5 in Long Blades
   599 | Zot      | Reached XP level 7. HP: 62/62 MP: 3/3
   704 | Zot      | Acquired Makhleb's first power
   745 | Zot      | Reached skill level 6 in Fighting
  1040 | Zot      | Noticed Ijyb
  1042 | Zot      | Killed Ijyb
  1115 | Zot      | Reached skill level 7 in Long Blades
  1115 | Zot      | Reached XP level 8. HP: 70/70 MP: 3/3
  1127 | Zot      | Reached skill level 8 in Long Blades
  1139 | Zot      | Acquired Makhleb's second power
  1140 | Zot      | Noticed Grinder
  1208 | Zot      | Killed Grinder
  1208 | Zot      | Reached skill level 9 in Long Blades
  1240 | Zot      | Reached skill level 10 in Long Blades
  1342 | Zot      | Noticed Purgy
  1349 | Zot      | Killed Purgy
  1389 | Zot      | Reached skill level 11 in Long Blades
  1389 | Zot      | Reached XP level 9. HP: 75/75 MP: 4/4
  1482 | Zot      | Noticed a wolf spider
  1482 | Zot      | Killed a wolf spider
  1482 | Zot      | Reached skill level 12 in Long Blades
  1496 | Zot      | Noticed a wolf spider
  1500 | Zot      | Killed a wolf spider
  1500 | Zot      | Reached skill level 13 in Long Blades
  1527 | Zot      | Noticed Zuyzuyps
  1532 | Zot      | Killed Zuyzuyps the wolf spider
  1532 | Zot      | Reached skill level 14 in Long Blades
  1532 | Zot      | Reached XP level 10. HP: 27/83 MP: 4/4
  1553 | Zot      | HP: 4/83 [poisoned by Zuyzuyps]
  1559 | Zot      | HP: 3/83 [poisoned by Zuyzuyps]
  1565 | Zot      | HP: 2/83 [poisoned by Zuyzuyps]
  1573 | Zot      | HP: 2/83 [poisoned by Zuyzuyps]
  1718 | Zot      | Reached skill level 15 in Long Blades
  1792 | Zot      | Noticed a wolf spider
  1795 | Zot      | Killed a wolf spider
  1797 | Zot      | Acquired Makhleb's third power
  1814 | Zot      | Reached skill level 16 in Long Blades
  1939 | Zot      | Reached skill level 17 in Long Blades
  1939 | Zot      | Reached XP level 11. HP: 48/89 MP: 4/4
  2016 | Zot      | Acquired Makhleb's fourth power
  2040 | Zot      | Noticed Maurice
  2136 | Zot      | Killed Maurice
  2136 | Zot      | Reached skill level 18 in Long Blades
  2142 | Zot      | Noticed Grum
  2147 | Zot      | Killed Grum
  2227 | Zot      | Reached skill level 19 in Long Blades
  2326 | Zot      | Noticed a hill giant
  2337 | Zot      | Killed a hill giant
  2337 | Zot      | Reached XP level 12. HP: 90/96 MP: 5/5
  2397 | Zot      | Reached skill level 20 in Long Blades
  2416 | Zot      | Acquired Makhleb's fifth power
  2744 | Zot      | Reached skill level 21 in Long Blades
  2786 | Zot      | Killed a centaur warrior
  2959 | Zot      | Splashed by a jelly's acid

Action                   |  1- 3 |  4- 6 |  7- 9 | 10-12 || total
-------------------------+-------+-------+-------+-------++-------
Melee: Long sword        |    47 |     4 |    22 |    33 ||   106
       Scimitar          |       |       |       |    34 ||    34
 Abil: Make oklob saplin |     1 |     3 |       |     1 ||     5
       Make altar        |       |     1 |       |       ||     1
       Make oklob plant  |       |       |     7 |     7 ||    14
       Make plant        |       |       |       |     2 ||     2
       Make spear trap   |       |       |       |     2 ||     2
       Make ice statue   |       |       |       |     4 ||     4
  Use: Potion            |       |       |       |     1 ||     1
 Stab: Distracted        |       |       |       |     3 ||     3
